AoeStats
← iM 我要打十个

Arena

504242397Analyzed
4v4 RM · 28d ago on Sep 4, 2026· 37m 55s· 8 players
Game mode
Random Map
Map size
Large (8 player)
Population
200
Speed
Normal
Resources
Standard
Victory
Conquest
Starting age
Dark Age
Ending age
Imperial Age
RankedLock teamsTeams togetherTeam positionsShared explorationLock speedFull tech treeHidden civsTurbo modeCheats
Victory
Defeat
🇭🇰 Spanish · Hong Kong SAR China
1122
+18
🇹🇼 Goths · Taiwan
1121
+18
🇨🇳 Franks · China
1120
+18
🇷🇺 Cumans · Russia
1108
+18
🇨🇳 Khmer · China
1188
-20
🇨🇳 Sicilians · China
1171
-18
🇭🇰 Persians · Hong Kong SAR China
1168
-18
🇹🇼 Slavs · Taiwan
1120
-16
heichan000002
12:06 Feudal Age
10:23 Loom
12:53 Double-Bit Axe
15:49 Castle Age
15:54 Stone Mining
16:30 Bow Saw
22:03 Wheelbarrow
24:56 Hand Cart
28:04 Fletching
27:57 Crossbowman
28:40 Kamandaran
野生西红柿
0:38 Loom
9:37 Feudal Age
10:24 Double-Bit Axe
10:22 Horse Collar
21:20 Castle Age
19:55 Fletching
20:06 Scale Mail Armor
20:09 Gold Mining
20:18 Stone Mining
22:01 Wheelbarrow
21:52 Elite Skirmisher
bbu913
0:49 Loom
11:41 Feudal Age
16:05 Castle Age
14:41 Double-Bit Axe
18:03 Bow Saw
23:16 Horse Collar
24:06 Town Watch
24:23 Heavy Plow
26:59 Wheelbarrow
29:30 Imperial Age
27:27 Pikeman
iM 我要打十个
2:05 Loom
3:04 Loom
4:12 Loom
11:46 Feudal Age
14:41 Castle Age
13:20 Double-Bit Axe
13:16 Horse Collar
16:22 Heavy Plow
16:35 Bow Saw
30:26 Imperial Age
29:42 Tusk Swords
31:46 Conscription
32:16 Scale Barding Armor
32:22 Forging
33:19 Bloodlines
33:09 Husbandry
33:34 Fortified Wall
33:50 Gold Mining
36:35 Gold Shaft Mining
36:46 Iron Casting
37:38 Masonry
37:35 Siege Engineers
37:51 Ballistics
38:51 Architecture
39:23 Chemistry
Jason
7:57 Loom
10:41 Feudal Age
12:03 Wheelbarrow
11:17 Double-Bit Axe
13:04 Man-at-Arms
14:56 Forging
20:16 Castle Age
18:45 Scale Mail Armor
19:28 Horse Collar
20:38 Long Swordsman
21:19 Squires
22:52 Iron Casting
23:44 Chain Mail Armor
28:35 Heavy Plow
29:45 Bow Saw
29:56 Hand Cart
29:31 Town Watch
31:28 Gold Mining
35:08 Pikeman
40:12 Imperial Age
菜鳥最嚴厲的父親
8:55 Loom
10:42 Feudal Age
14:33 Castle Age
12:49 Double-Bit Axe
12:52 Horse Collar
19:19 Padded Archer Armor
22:05 Leather Archer Armor
25:05 Bloodlines
26:31 Wheelbarrow
27:34 Bow Saw
27:35 Gold Mining
30:58 Loom
34:58 Imperial Age
32:37 Fletching
34:27 Husbandry
36:16 Ring Archer Armor
36:24 Elite Conquistador
种田美眉
10:37 Feudal Age
14:21 Castle Age
13:51 Double-Bit Axe
16:28 Bow Saw
27:43 Imperial Age
25:00 Town Watch
26:10 Scale Barding Armor
26:15 Forging
25:57 Fletching
27:05 Gold Mining
27:23 Loom
28:14 Wheelbarrow
28:03 Chain Barding Armor
28:19 Iron Casting
27:49 Husbandry
28:06 Fletching
27:49 Cavalier
28:45 Fortified Wall
28:52 Masonry
30:49 Gold Shaft Mining
32:19 Conscription
36:51 Plate Barding Armor
37:16 Blast Furnace
36:13 Bodkin Arrow
周杰伦
9:34 Feudal Age
10:22 Double-Bit Axe
10:50 Horse Collar
16:03 Wheelbarrow
21:17 Castle Age
19:43 Bloodlines
19:42 Scale Barding Armor
19:48 Forging
20:26 Gold Mining
22:27 Bow Saw
22:24 Heavy Plow
23:11 Iron Casting
23:43 Hand Cart
25:24 Capped Ram
27:52 Gold Shaft Mining
28:11 Chain Barding Armor
34:36 Imperial Age
33:22 Loom
33:22 Town Watch
34:40 Siege Ram
36:56 Plate Barding Armor
37:22 Blast Furnace
35:45 Elite Steppe Lancer
Connection lost

Rejoining the realm…

Still unreachable

The connection could not be restored.

Session expired

The server has moved on; the page needs a fresh start.